 Dungeon Crawl Stone Soup version 0.17.1-2-g5865329 (webtiles) character file.

781 Faustar the Conjurer (level 7, -2/50 HPs)
             Began as a Mottled Draconian Conjurer on Feb 1, 2016.
             Slain by an ice beast (7 damage)
             ... on level 5 of the Dungeon.
             The game lasted 00:17:52 (6462 turns).

Faustar the Conjurer (Mottled Draconian Conjurer)   Turns: 6462, Time: 00:17:52

Health: -2/50      AC:  7    Str: 11    XL:     7   Next: 55%
Magic:  7/16       EV: 12    Int: 17    God:
Gold:   180        SH:  0    Dex: 11    Spells: 2 memorised, 15 levels left

rFire  . . .     SeeInvis .     o - +1 falchion (holy)
rCold  . . .     Clarity  +     (armour unavailable)
rNeg   . . .     SustAt   .     (no shield)
rPois  .         Gourm    .     (helmet restricted)
rElec  .         Spirit   .     (no cloak)
rCorr  .         Warding  .     (no gloves)
rMut   .         Stasis   .     h - +0 pair of boots
MR     .....                    i - amulet of clarity
Stlth  ++........               (no ring)
                                (no ring)

@: short of breath, slowed, very slow, not resistant to hostile enchantments,
unstealthy
A: breathe sticky flame splash, unfitting armour, cold-blooded, AC +6
a: Breathe Sticky Flame


You were on level 5 of the Dungeon.
You were not hungry.

You visited 1 branch of the dungeon, and saw 5 of its levels.

You collected 180 gold pieces.

Inventory:

Hand Weapons
 o - a +1 falchion of holy wrath (weapon)
Armour
 h - a +0 pair of boots (worn)
Jewellery
 i - an amulet of clarity (around neck)
 r - a +5 ring of intelligence {unknown}
Wands
 t - a wand of flame (18)
 u - a wand of frost (11)
 x - a wand of digging (17)
Scrolls
 e - 4 scrolls of remove curse {unknown}
 l - 2 scrolls of identify {unknown}
 m - 2 scrolls of enchant armour {unknown}
 p - a scroll of enchant weapon {unknown}
 q - a scroll of amnesia {unknown}
 v - a scroll of teleportation {unknown}
Potions
 c - a potion of haste
 d - 2 potions of invisibility {unknown}
 f - a potion of degeneration {unknown}
 g - 3 potions of curing {unknown}
 k - 3 potions of lignification {unknown}
 s - a potion of cancellation {unknown}
 A - a potion of might {unknown}
Books
 a - a book of Conjurations

   Spells                             Type                      Level
   a - Magic Dart                     Conjuration                  1
   b - Searing Ray                    Conjuration                  2
   c - Dazzling Spray                 Conjuration/Hexes            3
   d - Fulminant Prism                Conjuration/Hexes            4
   e - Iskenderun's Mystic Blast      Conjuration                  4
   f - Iskenderun's Battlesphere      Conjuration/Charms           5
Comestibles
 b - 4 bread rations
 j - a beef jerky
 n - 2 meat rations
 w - a slice of pizza
 z - 3 chunks of flesh


   Skills:
 - Level 1.7 Dodging
 - Level 1.7 Stealth
 - Level 6.1 Spellcasting
 + Level 6.8 Conjurations


You had 15 spell levels left.
You knew the following spells:

 Your Spells              Type           Power        Failure   Level  Hunger
a - Magic Dart            Conj           ####         1%          1    None
b - Searing Ray           Conj           ####..       1%          2    None


Dungeon Overview and Level Annotations

Branches:
Dungeon (5/15)
 Temple: D:4-7

Altars:
Cheibriados
Kikubaaqudgha
Makhleb
Trog


Innate Abilities, Weirdness & Mutations

You can spit globs of burning liquid.
You can ignite nearby creatures when you spit burning liquid.
Your weird mottled scales are hard (AC +6).
Your body does not fit into most forms of armour.
You are cold-blooded and may be slowed by cold attacks.


Message History

Aim: an ice beast (severely wounded)
The magic dart hits the ice beast.
The ice beast is severely wounded.
The ice beast hits you. The ice beast freezes you!
You feel as though you will be slow longer.
Casting: Magic Dart
Confirm with . or Enter, or press ? or * to list all spells.
Aiming: Searing Ray
Press: ? - help, Shift-Dir - straight line, f/p - ice beast
Aim: an ice beast (severely wounded)
The searing ray hits the ice beast.
The ice beast is severely wounded.
The ice beast hits you. The ice beast freezes you!
You feel as though you will be slow longer.
* * * LOW HITPOINT WARNING * * *
The ice beast hits you.
* * * LOW HITPOINT WARNING * * *
The ice beast freezes you!
You feel as though you will be slow longer.
You die...

###############
#..............
#......!.......
#..............
#......@Y......
#.....<##......
#.......# .....
####....# ....
#...... ...
#...... ..
#....... .
##....## #....#


You could see an ice beast.

Vanquished Creatures
  Duvessa (D:4)
  2 scorpions (D:4)
  Dowan (D:4)
  5 orc wizards
  2 orc priests (D:3)
  A worker ant (D:4)
  A hound (D:1)
  A giant frog skeleton (D:4)
  4 gnolls (D:3)
  4 adders
  2 oozes
  An adder zombie (D:4)
  3 worms
  4 adder skeletons
  4 giant geckos
  18 orcs
  2 bat skeletons (D:2)
  8 giant cockroaches
  10 goblins
  10 hobgoblins
  15 jackals
  3 quokkas
  2 ball pythons (D:2)
  8 bats
  2 giant newts
  A jackal skeleton (D:4)
  A jackal zombie (D:2)
  12 kobolds
  10 rats
138 creatures vanquished.

Notes
Turn   | Place    | Note
--------------------------------------------------------------
     0 | D:1      | Faustar the Draconian Conjurer began the quest for the Orb.
     0 | D:1      | Reached XP level 1. HP: 14/14 MP: 3/3
   462 | D:1      | Reached XP level 2. HP: 2/20 MP: 3/5
  1459 | D:1      | Reached XP level 3. HP: 23/26 MP: 1/7
  1521 | D:2      | Learned a level 2 spell: Searing Ray
  1569 | D:2      | Found an ancient bone altar of Kikubaaqudgha.
  2101 | D:2      | Reached XP level 4. HP: 33/33 MP: 5/10
  2927 | D:2      | Found a burning altar of Makhleb.
  3197 | D:3      | Reached XP level 5. HP: 38/38 MP: 9/12
  3492 | D:3      | Reached skill level 5 in Spellcasting
  4146 | D:3      | Reached XP level 6. HP: 20/45 MP: 5/14
  4372 | D:3      | Reached skill level 6 in Spellcasting
  5190 | D:4      | Reached skill level 5 in Conjurations
  5271 | D:4      | Found a snail-covered altar of Cheibriados.
  5296 | D:4      | Found a bloodstained altar of Trog.
  5613 | D:4      | Your scales start taking on a weird mottled colour.
  5613 | D:4      | Reached XP level 7. HP: 50/50 MP: 11/16
  5917 | D:4      | Noticed Duvessa
  5917 | D:4      | Noticed Dowan
  5956 | D:4      | Killed Dowan
  5988 | D:4      | Killed Duvessa
  6452 | D:5      | Entered Level 5 of the Dungeon
  6462 | D:5      | Slain by an ice beast

Action                   |  1- 3 |  4- 6 |  7- 9 || total
-------------------------+-------+-------+-------++-------
Melee: Club              |    88 |       |       ||    88
       Unarmed           |     8 |       |       ||     8
       Mace              |    18 |    30 |       ||    48
       Falchion          |       |    17 |    10 ||    27
 Cast: Magic Dart        |    52 |    82 |    20 ||   154
       Searing Ray       |     3 |    35 |    10 ||    48
 Abil: Breathe Sticky Fl |       |       |     1 ||     1
Evoke: Wand              |       |       |     1 ||     1
  Use: Potion            |       |     1 |       ||     1
 Stab: Sleeping          |     3 |       |       ||     3
  Eat: Chunk             |     4 |    11 |     3 ||    18
